 Dungeon Crawl Stone Soup version 0.27-a0-1105-g946c659c87 (webtiles) character file.

Game seed: 9216715390479377046

18 kae the Skirmisher (level 2, -2/27 HPs)
             Began as a Hill Orc Fighter on Apr 29, 2021.
             Slain by Sigmund
             ... wielding a +0 scythe
              (10 damage)
             ... on level 2 of the Dungeon.
             The game lasted 00:00:21 (828 turns).

kae the Skirmisher (Hill Orc Fighter)                Turns: 828, Time: 00:00:22

Health: -2/27      AC:  6    Str: 18    XL:     2   Next: 66%
Magic:  2/2        EV:  7    Int:  8    God:
Gold:   22         SH:  0    Dex: 10    Spells: 1/1 levels left

rFire    . . .     SeeInvis .   a - +0 war axe
rCold    . . .     Faith    .   c - +0 kite shield
rNeg     . . .     Spirit   .   b - +0 scale mail
rPois    .         Reflect  .   (no helmet)
rElec    .         Harm     .   (no cloak)
rCorr    .         Rampage  .   (no gloves)
Will     .....                  (no boots)
Stlth    ..........             (no amulet)
HPRegen  0.09/turn              (no ring)
MPRegen  0.08/turn              (no ring)

@: confused, mighty
A: no striking features
a: no special abilities


You were on level 2 of the Dungeon.
You visited 1 branch of the dungeon, and saw 2 of its levels.

You collected 22 gold pieces.

Inventory:

Hand Weapons
 a - a +0 war axe (weapon)
Armour
 b - a +0 scale mail (worn)
 c - a +0 kite shield (worn)
Jewellery
 f - a +6 ring of strength
Potions
 d - a potion of might


   Skills:
 + Level 3.9 Fighting
 * Level 3.3 Axes
 + Level 3.5 Armour
 + Level 0.5 Dodging
 - Level 3.2 Shields


You had one spell level left.
You didn't know any spells.
Your spell library contained the following spells:

 Spells                   Type           Power      Damage    Failure   Level
 Animate Skeleton         Necr           0%         N/A       99%         1
 Pain                     Necr           0%         1d4       99%         1
 Vampiric Draining        Necr           0%         2d6       100%        3
 Animate Dead             Necr           0%         N/A       100%        4
 Agony                    Necr           0%         N/A       100%        5


Dungeon Overview and Level Annotations

Branches:
Dungeon (2/15)

Altars:

Annotations:
D:2 Sigmund


Message History

You see here 8 gold pieces.
A quokka comes into view.
Sigmund casts a spell at you.
You are confused.
There are monsters nearby!
You are too confused!
You are too confused!
There are monsters nearby!
You are too confused!
You are too confused!
There are monsters nearby!
You are too confused!
You are too confused!
You are too confused!
You are too confused!
Unknown command.
Sigmund barely misses you.
You feel very mighty all of a sudden. Sigmund closely misses you.
Sigmund casts a spell at himself.
Sigmund flickers and vanishes!
Deactivating autopickup; reactivate with Ctrl-A.
Something hits you! The quokka bites you.
You closely miss the quokka.
You feel less confused.
The quokka bites you but does no damage.
Something hits you!
* * * LOW HITPOINT WARNING * * *
You block the quokka's attack.
You slash the quokka!
You kill the quokka!
You hear some strange, mumbled words.
Something tries to affect you, but you resist.
You block something's attack. Something hits you but does no damage.
You slash something!
You hear some strange, mumbled words.
You are confused.
Something hits you!
You die...

...##.. .......
########..... ..
#..........# .. #
#..........# . #..
#...>......#.#
#....####..........#.#
#.....{@.........)...#
#..........$.......#####
#########...............
#..........###..
#..........###.#
#############..# #.<##
#.## #.


There were no monsters in sight!

Vanquished Creatures
  3 ball pythons (D:1)
  4 bats (D:1)
  An endoplasm (D:1)
  A giant cockroach (D:1)
  A hobgoblin (D:1)
  2 jackals (D:1)
  A quokka (D:2)
  A goblin (D:2)
  A rat (D:1)
15 creatures vanquished.

Notes
Turn   | Place    | Note
-------+----------+-------------------------------------------
     0 | D:1      | kae the Hill Orc Fighter began the quest for the Orb.
     0 | D:1      | Reached XP level 1. HP: 19/19 MP: 1/1
   250 | D:1      | Reached XP level 2. HP: 27/27 MP: 2/2
   818 | D:2      | Noticed Sigmund
   828 | D:2      | Slain by Sigmund

Illustrated notes

Levels and vault maps discovered:
D:1:      nagdon_arrival_zigzag_paths, layout_basic, minmay_misc_feat_alley,
          hex_intersection, hangedman_decor_lopped
D:2:      layout_rooms, uniq_robin, uniq_sigmund

Skill      XL: |  1 |
---------------+----+-----
Axes           | 3 |  3.3
Fighting       | |  3.9
Armour         | |  3.5
Dodging        | |  0.5
Shields        | |  3.2

Action                   || total
-------------------------++-------
Melee: War axe           ||    41
  Use: Scroll            ||     2
       Potion            ||     1
Armor: Scale mail        ||    24
Dodge: Dodged            ||    15
Block: Kite shield       ||    31

Table legend: (Time is in decaauts)
 A = Elapsed time spent in this place.
 B = Non-inter-level travel time spent in this place.
 C = Inter-level travel time spent in this place.
 D = Time resting spent in this place.
 E = Time spent auto-exploring this place.
 F = Levels seen in this place.
 G = Mean time per level.
                   A        B        C        D        E       F      G
               +--------+--------+--------+--------+--------+-----+--------+
         Total |    850 |    827 |     23 |      0 |    714 |   2 |  425.0 |
       Dungeon |    850 |    827 |     23 |      0 |    714 |   2 |  425.0 |
               +--------+--------+--------+--------+--------+-----+--------+

Top non-repeatable levels by time:
     D:1: 810 daAuts
     D:2: 40 daAuts
